TOP OF THE 1ST |
Wausau Timbers batting - Pitching for Cedar Rapids Cardinals : RHP Eric Mustad
|
Pitching: RHP Eric Mustad
|
|
Batting: RHB Norm Carrasco
|
0-0: SINGLE (Line Drive, 7LS, EV 101.3 MPH)
|
Batting: LHB Rodney Nealeigh
|
0-0: Grounds into double play, 5-4-3 (Groundball, 5D, EV 100.0 MPH)
|
Batting: RHB Danny Tartabull
|
0-0: Ball 1-0: Foul Ball, location: 2F 1-1: Swinging Strike 1-2: Fly out, F8 (Flyball, 8LD, EV 106.9 MPH)
|
Top of the 1st over - 0 runs, 1 hit, 0 errors, 0 left on base; Wausau 0 - Cedar Rapids 0 |
BOTTOM OF THE 1ST |
Cedar Rapids Cardinals batting - Pitching for Wausau Timbers : LHP Ernesto Pirovano
|
Pitching: LHP Ernesto Pirovano
|
|
Batting: SHB Luis Quinones
|
0-0: Called Strike 0-1: DOUBLE (Line Drive, 9LM, EV 108.1 MPH)
|
Batting: RHB Tony Cordova
|
0-0: Ball 1-0: Ball Luis Quinones steals 3rd base 2-0: Called Strike 2-1: Ball 3-1: Foul Ball, location: 2F 3-2: Strikes out swinging
|
Batting: RHB Randy Ingle
|
0-0: Ground out 5-3 (Groundball, 56S, EV 87.5 MPH) Luis Quinones scores
|
Batting: RHB Miguel Sosa
|
0-0: Ball 1-0: Ball 2-0: Swinging Strike 2-1: Foul Ball, location: 2F 2-2: Foul Ball, location: 2F 2-2: Ball 3-2: Strikes out swinging
|
Bottom of the 1st over - 1 run, 1 hit, 0 errors, 0 left on base; Wausau 0 - Cedar Rapids 1 |
TOP OF THE 2ND |
Wausau Timbers batting - Pitching for Cedar Rapids Cardinals : RHP Eric Mustad
|
Batting: LHB Joe Perna
|
0-0: Called Strike 0-1: Swinging Strike 0-2: Ball 1-2: Ball 2-2: Ball 3-2: Base on Balls
|
Batting: RHB Mike Reddish
|
0-0: Called Strike 0-1: Ball 1-1: Called Strike 1-2: Strikes out swinging
|
Batting: LHB Daniel Stryffeler
|
0-0: Called Strike 0-1: Foul Ball, location: 2F 0-2: Fielders Choice at 2nd, 4-6 (Groundball, 4M, EV 106.3 MPH)
|
Batting: RHB Mark Blaser
|
0-0: Ball 1-0: Foul Ball, location: 2F 1-1: Called Strike 1-2: Fly out, F7 (Flyball, 78M, EV 85.0 MPH)
|
Top of the 2nd over - 0 runs, 0 hits, 0 errors, 1 left on base; Wausau 0 - Cedar Rapids 1 |
BOTTOM OF THE 2ND |
Cedar Rapids Cardinals batting - Pitching for Wausau Timbers : LHP Ernesto Pirovano
|
Batting: RHB Jay Schroeder
|
0-0: Ball 1-0: Foul Ball, location: 2F 1-1: Ball 2-1: Ball 3-1: Foul Ball, location: 2F 3-2: Foul Ball, location: 2F 3-2: Strikes out swinging
|
Batting: RHB Paul Bard
|
0-0: Fly out, F7 (Flyball, 7D, EV 95.6 MPH)
|
Batting: RHB Pablo Carballo
|
0-0: Ball 1-0: Called Strike 1-1: Ball 2-1: Reached on error, E9 (Flyball, 9D, EV 93.8 MPH)
|
Batting: RHB Francisco Escalera
|
0-0: Ball 1-0: Called Strike 1-1: Foul Ball, location: 2F 1-2: Ball 2-2: Strikes out swinging
|
Bottom of the 2nd over - 0 runs, 0 hits, 1 error, 1 left on base; Wausau 0 - Cedar Rapids 1 |
TOP OF THE 3RD |
Wausau Timbers batting - Pitching for Cedar Rapids Cardinals : RHP Eric Mustad
|
Batting: LHB Tony Merulla
|
0-0: Ball 1-0: Foul Ball, location: 2F 1-1: Fly out, F8 (Flyball, 89D, EV 98.1 MPH)
|
Batting: LHB Howard McCann
|
0-0: Ball 1-0: Called Strike 1-1: SINGLE (Groundball, 4D, EV 103.1 MPH)
|
Batting: RHB Norm Carrasco
|
0-0: Ball 1-0: Ball 2-0: Grounds into double play, 4-6-3 (Groundball, 4, EV 103.1 MPH)
|
Top of the 3rd over - 0 runs, 1 hit, 0 errors, 0 left on base; Wausau 0 - Cedar Rapids 1 |
BOTTOM OF THE 3RD |
Cedar Rapids Cardinals batting - Pitching for Wausau Timbers : LHP Ernesto Pirovano
|
Batting: LHB Nestor Moreno
|
0-0: Foul Ball, location: 2F 0-1: Ball 1-1: Swinging Strike 1-2: Strikes out swinging
|
Batting: SHB Luis Quinones
|
0-0: Ground out 4-3 (Groundball, 4, EV 88.8 MPH)
|
Batting: RHB Tony Cordova
|
0-0: Fly out, F8 (Flyball, 78S, EV 92.5 MPH)
|
Bottom of the 3rd over - 0 runs, 0 hits, 0 errors, 0 left on base; Wausau 0 - Cedar Rapids 1 |
TOP OF THE 4TH |
Wausau Timbers batting - Pitching for Cedar Rapids Cardinals : RHP Eric Mustad
|
Batting: LHB Rodney Nealeigh
|
0-0: Ball 1-0: Fly out, F5 (Popup, 5S, EV 88.1 MPH)
|
Batting: RHB Danny Tartabull
|
0-0: Ball 1-0: Foul Ball, location: 2F 1-1: Foul Ball, location: 2F 1-2: Ball 2-2: DOUBLE (Line Drive, 78D, EV 104.4 MPH)
|
Batting: LHB Joe Perna
|
0-0: Ground out 4-3 (Groundball, 4, EV 87.5 MPH) Danny Tartabull to third
|
Batting: RHB Mike Reddish
|
0-0: Ball 1-0: Fly out, F8 (Line Drive, 8RD, EV 96.3 MPH)
|
Top of the 4th over - 0 runs, 1 hit, 0 errors, 1 left on base; Wausau 0 - Cedar Rapids 1 |
BOTTOM OF THE 4TH |
Cedar Rapids Cardinals batting - Pitching for Wausau Timbers : LHP Ernesto Pirovano
|
Batting: RHB Randy Ingle
|
0-0: Ball 1-0: Called Strike 1-1: Ground out 5-3 (Groundball, 56S, EV 85.0 MPH)
|
Batting: RHB Miguel Sosa
|
0-0: Called Strike 0-1: Ball 1-1: Ball 2-1: Swinging Strike 2-2: Strikes out looking
|
Batting: RHB Jay Schroeder
|
0-0: Fly out, F5 (Popup, 25, EV 88.8 MPH)
|
Bottom of the 4th over - 0 runs, 0 hits, 0 errors, 0 left on base; Wausau 0 - Cedar Rapids 1 |
TOP OF THE 5TH |
Wausau Timbers batting - Pitching for Cedar Rapids Cardinals : RHP Eric Mustad
|
Batting: LHB Daniel Stryffeler
|
0-0: Called Strike 0-1: Called Strike 0-2: Ball 1-2: Strikes out swinging
|
Batting: RHB Mark Blaser
|
0-0: Ball 1-0: Called Strike 1-1: Ball 2-1: Fly out, F8 (Flyball, 8LXD, EV 96.3 MPH)
|
Batting: LHB Tony Merulla
|
0-0: Ball 1-0: Fly out, F5 (Line Drive, 5, EV 67.5 MPH)
|
Top of the 5th over - 0 runs, 0 hits, 0 errors, 0 left on base; Wausau 0 - Cedar Rapids 1 |
BOTTOM OF THE 5TH |
Cedar Rapids Cardinals batting - Pitching for Wausau Timbers : LHP Ernesto Pirovano
|
Batting: RHB Paul Bard
|
0-0: Ball 1-0: Swinging Strike 1-1: SINGLE (Groundball, 56D, EV 105.6 MPH)
|
Batting: RHB Pablo Carballo
|
0-0: Bunted foul 0-1: Sac Bunt to 3S - play at first, batter OUT! 3-4 Paul Bard to second
|
Batting: RHB Francisco Escalera
|
0-0: Intentional Walk
|
Batting: LHB Nestor Moreno
|
0-0: Fly out, F7 (Flyball, 78D, EV 86.9 MPH) Runner from 2nd tags up, SAFE at 3rd with throw by LF
|
Batting: SHB Luis Quinones
|
0-0: Ball 1-0: Ball 2-0: Foul Ball, location: 2F 2-1: Swinging Strike 2-2: Fly out, F5 (Line Drive, 5, EV 63.1 MPH)
|
Bottom of the 5th over - 0 runs, 1 hit, 0 errors, 2 left on base; Wausau 0 - Cedar Rapids 1 |
TOP OF THE 6TH |
Wausau Timbers batting - Pitching for Cedar Rapids Cardinals : RHP Eric Mustad
|
Batting: LHB Howard McCann
|
0-0: Ball 1-0: Ball 2-0: Ground out 4-3 (Groundball, 4, EV 103.1 MPH)
|
Batting: RHB Norm Carrasco
|
0-0: Foul Ball, location: 2F 0-1: Ball 1-1: Ground out 6-3 (Groundball, 6, EV 81.3 MPH)
|
Batting: LHB Rodney Nealeigh
|
0-0: Ball 1-0: Ball 2-0: Fly out, F9 (Flyball, 9, EV 80.6 MPH)
|
Top of the 6th over - 0 runs, 0 hits, 0 errors, 0 left on base; Wausau 0 - Cedar Rapids 1 |
BOTTOM OF THE 6TH |
Cedar Rapids Cardinals batting - Pitching for Wausau Timbers : LHP Ernesto Pirovano
|
Batting: RHB Tony Cordova
|
0-0: Called Strike 0-1: Ball 1-1: Ball 2-1: DOUBLE (Groundball, 5L, EV 104.4 MPH)
|
Batting: RHB Randy Ingle
|
0-0: Intentional Walk
|
Batting: RHB Miguel Sosa
|
0-0: Ball 1-0: Called Strike 1-1: Ball 2-1: SINGLE (Groundball, 56D, EV 95.0 MPH) Tony Cordova to third Randy Ingle to second Runner from 3rd tries for Home, SAFE, throw by LF to home
|
Batting: RHB Jay Schroeder
|
0-0: Called Strike 0-1: Ball 1-1: Fly out, F7 (Flyball, 7, EV 86.9 MPH)
|
Batting: RHB Paul Bard
|
0-0: Ball 1-0: Swinging Strike 1-1: Grounds into double play, 6-4-3 (Groundball, 6, EV 103.8 MPH)
|
Bottom of the 6th over - 1 run, 2 hits, 0 errors, 1 left on base; Wausau 0 - Cedar Rapids 2 |
TOP OF THE 7TH |
Wausau Timbers batting - Pitching for Cedar Rapids Cardinals : RHP Eric Mustad
|
Batting: RHB Danny Tartabull
|
0-0: Foul Ball, location: 2F 0-1: Swinging Strike 0-2: Strikes out looking
|
Batting: LHB Joe Perna
|
0-0: Ball 1-0: Swinging Strike 1-1: Called Strike 1-2: Ball 2-2: Strikes out swinging
|
Batting: RHB Mike Reddish
|
0-0: Ground out 4-3 (Groundball, 4M, EV 91.3 MPH)
|
Top of the 7th over - 0 runs, 0 hits, 0 errors, 0 left on base; Wausau 0 - Cedar Rapids 2 |
BOTTOM OF THE 7TH |
Cedar Rapids Cardinals batting - Pitching for Wausau Timbers : LHP Ernesto Pirovano
|
Batting: RHB Pablo Carballo
|
0-0: Ball 1-0: Called Strike 1-1: Called Strike 1-2: Foul Ball, location: 2F 1-2: Ball 2-2: Strikes out swinging
|
Batting: RHB Francisco Escalera
|
0-0: Ball 1-0: Called Strike 1-1: Foul Ball, location: 2F 1-2: DOUBLE (Line Drive, 7LM, EV 104.4 MPH)
|
Batting: LHB Nestor Moreno
|
0-0: Ground out 6-3 (Groundball, 6M, EV 79.4 MPH) Francisco Escalera to third
|
Batting: SHB Luis Quinones
|
0-0: Intentional Walk
|
Batting: RHB Tony Cordova
|
0-0: Fly out, F8 (Flyball, 8RM, EV 88.1 MPH)
|
Bottom of the 7th over - 0 runs, 1 hit, 0 errors, 2 left on base; Wausau 0 - Cedar Rapids 2 |
TOP OF THE 8TH |
Wausau Timbers batting - Pitching for Cedar Rapids Cardinals : RHP Eric Mustad
|
Batting: LHB Daniel Stryffeler
|
0-0: Ball 1-0: Ball 2-0: Ball 3-0: Base on Balls
|
Batting: RHB Mark Blaser
|
0-0: Ball 1-0: Called Strike 1-1: Swinging Strike 1-2: Foul Ball, location: 2F 1-2: Foul Ball, location: 2F 1-2: Foul Ball, location: 2F 1-2: Strikes out swinging
|
Batting: LHB Tony Merulla
|
0-0: Called Strike 0-1: Ball 1-1: Called Strike 1-2: Fly out, F7 (Line Drive, 7, EV 85.0 MPH)
|
Batting: LHB Howard McCann
|
0-0: Foul Ball, location: 2F 0-1: Ball 1-1: Foul Ball, location: 2F 1-2: SINGLE (Line Drive, 4MD, EV 95.6 MPH) Daniel Stryffeler to second Runner from 2nd tries for 3rd, SAFE, no throw by CF
|
Batting: RHB Norm Carrasco
|
0-0: Called Strike 0-1: Ball 1-1: Fly out, F8 (Line Drive, 8RM, EV 100.6 MPH)
|
Top of the 8th over - 0 runs, 1 hit, 0 errors, 2 left on base; Wausau 0 - Cedar Rapids 2 |
BOTTOM OF THE 8TH |
Cedar Rapids Cardinals batting - Pitching for Wausau Timbers : LHP Ernesto Pirovano
|
Batting: RHB Randy Ingle
|
0-0: Ball 1-0: Ball 2-0: DOUBLE (Flyball, 78XD, EV 105.6 MPH)
|
Batting: RHB Miguel Sosa
|
0-0: Ball 1-0: Fly out, F9 (Flyball, 9S, EV 89.4 MPH)
|
Batting: RHB Jay Schroeder
|
0-0: Intentional Walk
|
Batting: RHB Paul Bard
|
0-0: Ball 1-0: Fly out, F9 (Flyball, 9, EV 91.3 MPH)
|
Batting: RHB Pablo Carballo
|
0-0: Ball 1-0: Ball 2-0: Called Strike 2-1: Ball 3-1: Base on Balls Randy Ingle to third Jay Schroeder to second
|
Batting: RHB Francisco Escalera
|
0-0: Called Strike 0-1: Foul Ball, location: 2F 0-2: Foul Ball, location: 2F 0-2: Ball 1-2: Fly out, F8 (Line Drive, 8RD, EV 90.0 MPH)
|
Bottom of the 8th over - 0 runs, 1 hit, 0 errors, 3 left on base; Wausau 0 - Cedar Rapids 2 |
TOP OF THE 9TH |
Wausau Timbers batting - Pitching for Cedar Rapids Cardinals : RHP Eric Mustad
|
Batting: LHB Rodney Nealeigh
|
0-0: Called Strike 0-1: Called Strike 0-2: Ball 1-2: Ball 2-2: Ball 3-2: Fly out, F8 (Flyball, 78M, EV 73.8 MPH)
|
Batting: RHB Danny Tartabull
|
0-0: Ball 1-0: Foul Ball, location: 2F 1-1: Ball 2-1: Ground out 6-3 (Groundball, 6, EV 90.0 MPH)
|
Batting: LHB Joe Perna
|
0-0: Ball 1-0: Foul Ball, location: 2F 1-1: Ball 2-1: Ball 3-1: Base on Balls
|
Batting: RHB Mike Reddish
|
0-0: Foul Ball, location: 2F 0-1: Ball 1-1: Ball 2-1: Ball 3-1: Fly out, F7 (Flyball, 78S, EV 81.3 MPH)
|
Top of the 9th over - 0 runs, 0 hits, 0 errors, 1 left on base; Wausau 0 - Cedar Rapids 2 |
|